 Dungeon Crawl Stone Soup version 0.26-a0-964-g69f9a3b9e2 (webtiles) character file.

Game seed: 11928292924287714585

830 pkoi the Spear-Bearer (level 7, 0/60 HPs)
             Began as a Minotaur Gladiator on Dec 2, 2020.
             Slain by a killer bee (6 damage)
             ... on level 5 of the Dungeon.
             The game lasted 00:04:53 (3869 turns).

pkoi the Spear-Bearer (Minotaur Gladiator)          Turns: 3869, Time: 00:04:54

Health: 0/60       AC: 12    Str: 20    XL:     7   Next: 65%
Magic:  6/6        EV:  8    Int:  5    God:
Gold:   191        SH:  0    Dex: 12    Spells: 6/6 levels left

rFire    + . .     SeeInvis .   a - +1 trident
rCold    . . .     Faith    .   (no shield)
rNeg     . . .     Spirit   .   w - +0 plate armour
rPois    .         Reflect  .   c - +0 hat
rElec    .         Harm     .   (no cloak)
rCorr    .         Rampage  .   (no gloves)
MR       .....                  u - +0 pair of boots
Stlth    ..........             (no amulet)
HPRegen  0.20/turn              t - ring of protection from fire
MPRegen  0.10/turn              (no ring)

@: lethally poisoned (0 -> -14), attractive
A: retaliatory headbutt, horns 2
a: no special abilities


You were on level 5 of the Dungeon.
You visited 1 branch of the dungeon, and saw 5 of its levels.

You collected 191 gold pieces.

Inventory:

Hand Weapons
 a - a +1 trident (weapon)
 k - a +1 dagger of venom
Missiles
 d - 3 throwing nets (quivered)
 j - 12 curare-tipped darts
 y - 10 poisoned darts
Armour
 b - a +0 leather armour
 c - a +0 hat (worn)
 u - a +0 pair of boots (worn)
 w - a +0 plate armour (worn)
Jewellery
 t - a ring of protection from fire (left hand)
Wands
 h - a wand of acid (6)
Scrolls
 l - 3 scrolls of identify
 m - 2 scrolls of remove curse
Potions
 e - a potion of cancellation {unknown}
 f - a potion of flight {unknown}
 g - 2 potions of lignification {unknown}
 o - 2 potions of curing {unknown}
 q - 2 potions of haste {unknown}
 r - a potion of heal wounds


   Skills:
 + Level 4.8 Fighting
 + Level 8.2 Polearms
 - Level 2.0 Throwing
 + Level 3.9 Armour
 + Level 5.0 Dodging


You had 6 spell levels left.
You didn't know any spells.
Your spell library was empty.

Dungeon Overview and Level Annotations

Branches:
Dungeon (5/15)
 Temple: D:4-7

Altars:
Fedhas
Qazlal
Uskayaw


Innate Abilities, Weirdness & Mutations

You reflexively headbutt those who attack you in melee.
You have a pair of horns on your head.


Message History

You feel sick. The phantom closely misses you.
There is an open door here.
The phantom is pulled toward you! The killer bee is pulled toward you!
* * * LOW HITPOINT WARNING * * *
You feel sick. The phantom hits you.
* * * LOW HITPOINT WARNING * * *
The phantom blinks!
The phantom is pulled toward you! The killer bee is pulled toward you! x2
* * * LOW HITPOINT WARNING * * *
You feel sick.
The killer bee stings you but does no damage. x2
The phantom hits you but does no damage.
The killer bee barely misses you. You furiously retaliate!
You headbutt the killer bee. The killer bee stings you.
* * * LOW HITPOINT WARNING * * *
* * * LOW HITPOINT WARNING * * *
You feel sick. The killer bee stings you.
* * * LOW HITPOINT WARNING * * *
The killer bee stings you.
You die...

#.#........#.## #.
#.............. #.#.
#.............# # #...
###...........#.# ..#...
...#....†......#
......###..#...y....##.#
...........#.###y#+###
...........#†#.yyy...#
...........yy#..@....#
.........#.#.#..W....#
..#..............#+###
#.#........#.### #
#....#.....#
#.!......#.#
#..#.#.#.#.#
#.##.#.#.... .$ #.# . ..


You could see a phantom and 5 killer bees.

Vanquished Creatures
  Grinder (D:4)
  An ogre (D:4)
  A phantom (D:4)
  A scorpion (D:4)
  A killer bee (D:5)
  A howler monkey (D:4)
  A centaur zombie (D:5)
  3 orc wizards
  2 iguanas
  A worker ant (D:4)
  5 adders
  A white imp (D:3)
  An ooze (D:3)
  2 worms
  A dart slug (D:1)
  2 leopard geckos
  9 orcs
  3 giant cockroaches
  4 goblins
  9 hobgoblins
  4 jackals (D:5)
  8 kobolds
  3 quokkas
  5 ball pythons
  8 bats
  10 frilled lizards
  7 rats
95 creatures vanquished.

Vanquished Creatures (others)
  A plant (D:1)
1 creature vanquished.

Grand Total: 96 creatures vanquished

Notes
Turn   | Place    | Note
-------+----------+-------------------------------------------
     0 | D:1      | pkoi the Minotaur Gladiator began the quest for the Orb.
     0 | D:1      | Reached XP level 1. HP: 18/18 MP: 0/0
   146 | D:1      | Reached skill level 4 in Polearms
   238 | D:1      | Reached XP level 2. HP: 25/25 MP: 1/1
  1018 | D:2      | Reached skill level 5 in Polearms
  1223 | D:2      | Reached XP level 3. HP: 30/30 MP: 2/2
  1273 | D:2      | Found a blossoming altar of Fedhas.
  1786 | D:3      | Reached skill level 6 in Polearms
  1786 | D:3      | Reached XP level 4. HP: 19/37 MP: 3/3
  2605 | D:3      | Reached skill level 7 in Polearms
  2605 | D:3      | Reached XP level 5. HP: 42/42 MP: 4/4
  2786 | D:4      | Noticed an ogre
  2799 | D:4      | Killed an ogre
  2800 | D:4      | Reached skill level 1 in Armour
  3036 | D:4      | Noticed Grinder
  3063 | D:4      | Paralysed by Grinder for 4 turns
  3074 | D:4      | Killed Grinder
  3075 | D:4      | Reached XP level 6. HP: 30/52 MP: 5/5
  3257 | D:4      | Found a hide-covered altar of Uskayaw.
  3452 | D:4      | Reached XP level 7. HP: 54/59 MP: 6/6
  3597 | D:4      | Reached skill level 8 in Polearms
  3667 | D:4      | Found a stormy altar of Qazlal.
  3790 | D:5      | Entered Level 5 of the Dungeon
  3824 | D:5      | Reached skill level 5 in Dodging
  3869 | D:5      | Slain by a killer bee

Illustrated notes

Levels and vault maps discovered:
D:1:      dpeg_arrival_snail, layout_basic, serial_forest,
          infiniplex_forest_clump_diagonal, infiniplex_forest_lined_2,
          infiniplex_forest_lined_2, infiniplex_forest_lined_4_way,
          infiniplex_forest_end_2, infiniplex_forest_straight_2,
          infiniplex_forest_lined_4_way, infiniplex_forest_lined_2,
          infiniplex_forest_clump_double, minmay_misc_feat_four_crosses
D:2:      layout_loops_ring, overflow_temple_1_default
D:3:      layout_basic
D:4:      layout_rooms, kennysheep_little_box, nicolae_qazlal_eye_of_the_storm,
          nrook_mini_vaults, uniq_grinder
D:5:      layout_basic, kennysheep_mini

Skill      XL: |  1  2  3  4  5  6  7 |
---------------+----------------------+-----
Polearms       | 4 5 6 7 8 |  8.2
Fighting       | 3 4 |  4.8
Armour         | 2 3 |  3.9
Dodging        | 4 5 |  5.0
Throwing       | |  2.0

Action                   |  1- 3 |  4- 6 |  7- 9 || total
-------------------------+-------+-------+-------++-------
Melee: Trident           |    99 |   113 |    57 ||   269
       Headbutt          |    10 |    18 |     9 ||    37
Throw: Dart              |       |     1 |       ||     1
       Throwing net      |       |     1 |       ||     1
  Use: Scroll            |       |     8 |       ||     8
       Potion            |       |     1 |     2 ||     3
 Stab: Sleeping          |     3 |       |       ||     3
Armor: Leather armour    |    10 |     6 |       ||    16
       Plate armour      |       |    23 |    29 ||    52
Dodge: Dodged            |    44 |    24 |    10 ||    78

Table legend: (Time is in decaauts)
 A = Elapsed time spent in this place.
 B = Non-inter-level travel time spent in this place.
 C = Inter-level travel time spent in this place.
 D = Time resting spent in this place.
 E = Time spent auto-exploring this place.
 F = Levels seen in this place.
 G = Mean time per level.
                   A        B        C        D        E       F      G
               +--------+--------+--------+--------+--------+-----+--------+
         Total |   3862 |   3792 |     70 |    784 |   2455 |   5 |  772.4 |
       Dungeon |   3862 |   3792 |     70 |    784 |   2455 |   5 |  772.4 |
               +--------+--------+--------+--------+--------+-----+--------+

Top non-repeatable levels by time:
     D:3: 1149 daAuts
     D:4: 1075 daAuts
     D:2: 860 daAuts
     D:1: 700 daAuts
     D:5: 76 daAuts
